 Dungeon Sprint DCSS version 0.22.1-1-ga44c0e56f4 (webtiles) character file.

2624 MuseOD the Unseen (level 9, -6/49 (50) HPs)
             Began as a Spriggan Enchanter on Sept 25, 2018.
             Was a High Priest of Dithmenos.
             Hit by a large rock thrown by a cyclops (15 damage)
             ... in the Dungeon (Sprint V: "Ziggurat Sprint").
             The game lasted 00:05:15 (772 turns).

MuseOD the Unseen (Spriggan Enchanter)               Turns: 772, Time: 00:05:16

HP:   -6/49 (50)    AC:  3    Str:  4    XL:     9   Next: 34%
MP:   18/23         EV: 19    Int: 25    God:    Dithmenos [*****.]
Gold: 0             SH:  0    Dex: 23    Spells: 18/27 levels left

rFire    + . .     SeeInvis +   v - +5 quick blade
rCold    . . .     Gourm    .   (shield restricted)
rNeg     . . .     Faith    .   a - +1 robe of Deapoali {rF+ MR+ SInv}
rPois    .         Spirit   .   (helmet restricted)
rElec    .         Reflect  .   (no cloak)
rCorr    .         Harm     .   (gloves unavailable)
MR       ++...     NoTele   +   (boots unavailable)
Stlth    ++++++++++             (no amulet)
HPRegen  0.16/turn              B - +6 ring of intelligence
MPRegen  0.18/turn              z - +6 ring of dexterity

@: wreathed by umbra, very quick
A: very small, unfitting armour, see invisible, herbivore, speed 3, slow
metabolism 2
a: Shadow Step, Shadow Form, Renounce Religion


You were in the Dungeon.
You worshipped Dithmenos.
Dithmenos was extremely pleased with you.
You were not hungry.

You visited 1 branch

Inventory:

Hand Weapons
 v - a +5 quick blade (weapon)
Armour
 a - the +1 robe of Deapoali (worn) {rF+ MR+ SInv}
   (You took it off a naga in the Dungeon)

   It protects you from fire.
   It affects your resistance to hostile enchantments.
   It lets you see invisible.
 b - a +0 robe
 m - quicksilver dragon scales
Jewellery
 z - a +6 ring of dexterity (right hand)
 B - a +6 ring of intelligence (left hand)
Wands
 w - a wand of disintegration (7)
 x - a wand of iceblast (3)
 y - a wand of acid (7)
Scrolls
 j - 4 scrolls of blinking
 p - 4 scrolls of amnesia
 q - 7 scrolls of fog
 r - a scroll of holy word
 s - 5 scrolls of identify
 t - 5 scrolls of remove curse
 u - 2 scrolls of fear
Potions
 c - 2 potions of brilliance
 e - 6 potions of curing
 f - 10 potions of heal wounds
 g - 6 potions of haste
 h - 6 potions of magic
 i - 3 potions of berserk rage
 k - a potion of invisibility
 l - 4 potions of resistance
 n - 5 potions of agility
 o - 5 potions of might
Comestibles
 d - 8 rations


   Skills:
 - Level 7.2 Fighting
 - Level 13.0 Short Blades
 - Level 3.0 Dodging
 + Level 17.1 Stealth
 + Level 9.7 Spellcasting
 + Level 10.0 Hexes


You had 18 spell levels left.
You knew the following spells:

 Your Spells              Type           Power        Failure   Level  Hunger
a - Corona                Hex            ######.      1%          1    None
b - Ensorcelled Hibernat  Hex/Ice        #####.       1%          2    None
c - Confuse               Hex            ######..     1%          3    None
d - Dazzling Spray        Conj/Hex       #####.       1%          3    None

Your spell library contained the following spells:

 Spells                   Type           Power        Failure   Level  Hunger
 Slow                     Hex            ######..     1%          2    None
 Inner Flame              Hex/Fire       #####...     1%          3    None
 Portal Projectile        Hex/Tloc       #####.       1%          3    None
 Tukima's Dance           Hex            ######..     1%          3    None
 Cause Fear               Hex            ######....   1%          4    #......
 Leda's Liquefaction      Hex/Erth       #####.....   6%          4    #......
 Corpse Rot               Necr           N/A          8%          2    None
 Shroud of Golubria       Chrm/Tloc      ##........   8%          2    None
 Lesser Beckoning         Tloc           ##........   16%         3    None
 Ozocubu's Armour         Chrm/Ice       ##......     16%         3    None
 Stone Arrow              Conj/Erth      ##....       16%         3    None
 Throw Icicle             Conj/Ice       ##......     45%         4    #......
 Summon Forest            Summ/Tloc      ##........   80%         5    ####...
 Hydra Form               Tmut           ##........   100%        6    ######.
 Summon Hydra             Summ           ##........   100%        7    #######


Dungeon Overview and Level Annotations

Branches:
Dungeon (1/1)

Altars:
Ashenzari
Cheibriados
Dithmenos
Elyvilon
Fedhas
Gozag
Hepliaklqana
Kikubaaqudgha
Makhleb
Nemelex Xobeh
Okawaru
Qazlal
Ru
Sif Muna
Trog
Uskayaw
Vehumet
Wu Jian
Xom
Yredelemnul
Zin
The Shining One
Beogh
Jiyva
Lugonu

Annotations:
D 1 transporter


Innate Abilities, Weirdness & Mutations

You are very small and have problems with some larger weapons.
You are too small for most types of armour.
You have supernaturally acute eyesight. (SInv)
You are a herbivore.
You cover ground extremely quickly.
You need to consume almost no food.


Message History

Casting: Ensorcelled Hibernation (safe; 1% risk of failure)
Confirm with . or Enter, or press ? or * to list all spells.
Aiming: Confuse (safe; 1% risk of failure)
Press: ? - help, Shift-Dir - straight line, f/p - cyclops
Aim: a cyclops (black smoke, umbra, chance to defeat MR: 60%)
The cyclops appears confused.
Your shadow mimicks your spell!
The cyclops easily resists.
The cyclops throws a large rock.
The large rock hits you!
* * * LOW HITPOINT WARNING * * *
Casting: Confuse (safe; 1% risk of failure)
Confirm with . or Enter, or press ? or * to list all spells.
Aiming: Confuse (safe; 1% risk of failure)
Press: ? - help, Shift-Dir - straight line, f - cyclops, p - cyclops
Aim: a cyclops (black smoke, umbra, chance to defeat MR: 60%)
The cyclops resists with significant effort.
Your shadow mimicks your spell!
The cyclops easily resists.
The cyclops throws a large rock.
The large rock hits you!
You die...

▓..8©8..▓
▓§.)}|..▓
▓§CC§|..▓
▓.§§§§..▓
▓§§§C§..▓
▓§§§§.§.▓
▓.......▓
▓.▓...▓.▓
▓.@.©...▓
▓▓▓▓▓▓▓▓▓


You could see a cyclops.

Vanquished Creatures
  A yaktaur captain (D)
  2 cyclopes (D)
  2 rime drakes (D)
  A steam dragon (D)
  2 nagas (D)
  A swamp drake (D)
  A necrophage (D)
  A centaur (D)
  A wight (D)
  A crimson imp (D)
  An orc priest (D)
  An orc wizard (D)
  A shadow imp (D)
  An adder zombie (D)
  An adder skeleton (D)
  A bat zombie (D)
  A ball python (D)
  A jackal zombie (D)
  A quokka skeleton (D)
22 creatures vanquished.

Notes
Turn   | Place    | Note
-------+----------+-------------------------------------------
     0 | D        | Found the +6 Majin-Bo {vamp, Archmagi MP+6 Int+6}
     0 | D        | Found the +7 great mace "Firestarter" {inner flame, rF++}
     0 | D        | MuseOD the Spriggan Enchanter began the quest for the Orb.
     0 | D        | Reached XP level 1. HP: 9/9 MP: 5/5
     0 | D        | Found a deep blue altar of Sif Muna.
     0 | D        | Found a bloodstained altar of Trog.
     0 | D        | Found a sacrificial altar of Ru.
     0 | D        | Found a stormy altar of Qazlal.
     0 | D        | Found an iron altar of Okawaru.
     1 | D        | Found a sparkling altar of Nemelex Xobeh.
     1 | D        | Found a blossoming altar of Fedhas.
     3 | D        | Found a transporter.
     3 | D        | Found an ancient bone altar of Kikubaaqudgha.
     3 | D        | Found a viscous altar of Jiyva.
     3 | D        | Found a corrupted altar of Lugonu.
     3 | D        | Found a hazy altar of Hepliaklqana.
     3 | D        | Found a burning altar of Makhleb.
     3 | D        | Found an opulent altar of Gozag.
    21 | D        | Became a worshipper of Dithmenos the Shadowed
    47 | D        | Reached skill level 5 in Short Blades
    47 | D        | Reached skill level 7 in Stealth
    47 | D        | Reached XP level 2. HP: 16/16 MP: 6/6
    51 | D        | Learned a level 2 spell: Ensorcelled Hibernation
    55 | D        | Entered arena 2.
    55 | D        | Found a transporter.
    60 | D        | Reached skill level 8 in Stealth
    60 | D        | Reached XP level 3. HP: 13/20 MP: 0/8
   182 | D        | Learned a level 3 spell: Confuse
   184 | D        | Entered arena 3.
   184 | D        | Noticed a naga
   184 | D        | Noticed a naga
   184 | D        | Found a transporter.
   185 | D        | Reached * piety under Dithmenos
   188 | D        | Killed a naga
   188 | D        | Reached skill level 10 in Stealth
   188 | D        | Reached XP level 4. HP: 17/26 MP: 9/9
   188 | D        | Reached XP level 5. HP: 20/30 MP: 10/10
   195 | D        | Killed a naga
   195 | D        | Reached skill level 5 in Fighting
   195 | D        | Reached skill level 10 in Short Blades
   195 | D        | Reached skill level 11 in Stealth
   195 | D        | Reached XP level 6. HP: 30/35 MP: 7/11
   200 | D        | Learned a level 3 spell: Dazzling Spray
   246 | D        | Got the +1 robe of Deapoali {rF+ MR+ SInv}
   259 | D        | Entered arena 4.
   259 | D        | Noticed a rime drake
   259 | D        | Noticed a swamp drake
   259 | D        | Noticed a steam dragon
   259 | D        | Noticed a rime drake
   259 | D        | Found a transporter.
   270 | D        | Killed a steam dragon
   270 | D        | Reached ** piety under Dithmenos
   270 | D        | Reached skill level 12 in Stealth
   292 | D        | Killed a swamp drake
   292 | D        | Reached XP level 7. HP: 29/41 MP: 12/12
   296 | D        | Killed a rime drake
   296 | D        | Reached skill level 13 in Stealth
   298 | D        | Killed a rime drake
   305 | D        | Got Cihutz's Volume of the Freezing Voyage
   485 | D        | Entered arena 5.
   485 | D        | Found a transporter.
   511 | D        | Reached *** piety under Dithmenos
   563 | D        | Reached XP level 8. HP: 43/45 MP: 2/14
   705 | D        | Entered arena 6.
   705 | D        | Found a transporter.
   707 | D        | Reached skill level 14 in Stealth
   708 | D        | Reached **** piety under Dithmenos
   747 | D        | Entered arena 7.
   747 | D        | Noticed a yaktaur captain
   747 | D        | Noticed a cyclops
   747 | D        | Noticed a cyclops
   747 | D        | Noticed a cyclops
   747 | D        | Noticed a cyclops
   748 | D        | Found a transporter.
   751 | D        | Killed a cyclops
   751 | D        | Reached skill level 15 in Stealth
   758 | D        | Killed a yaktaur captain
   758 | D        | Reached ***** piety under Dithmenos
   758 | D        | Reached skill level 16 in Stealth
   758 | D        | Reached XP level 9. HP: 45/49 MP: 1/22
   764 | D        | Killed a cyclops
   764 | D        | Reached skill level 17 in Stealth
   764 | D        | Reached skill level 10 in Hexes
   772 | D        | Hit by a large rock thrown by a cyclops

Skill      XL: |  1  2  3  4  5  6  7  8  9 |
---------------+----------------------------+-----
Fighting       | 2 3 4 5 6 7 |  7.2
Short Blades   | 5 6 9 10 11 13 | 13.0
Stealth        | 7 8 10 11 12 13 16 17 | 17.1
Spellcasting   | 3 8 9 |  9.7
Hexes          | 4 9 10 | 10.0
Dodging        | |  3.0

Action                   |  1- 3 |  4- 6 |  7- 9 || total
-------------------------+-------+-------+-------++-------
Melee: Quick blade       |     7 |    12 |    32 ||    51
 Cast: Ensorcelled Hiber |     3 |       |     1 ||     4
       Confuse           |       |     1 |     9 ||    10
       Dazzling Spray    |       |       |     3 ||     3
Invok: Shadow Step       |       |       |     2 ||     2
Evoke: Wand              |     3 |     1 |       ||     4
  Use: Potion            |     3 |     3 |     1 ||     7
 Stab: Sleeping          |     1 |       |     6 ||     7
       Confused          |       |     1 |     2 ||     3
       Invisible         |       |     2 |     6 ||     8
Armor: Robe              |       |       |     1 ||     1
Dodge: Dodged            |     4 |     8 |    26 ||    38
